AoeStats
← jhonskull87

African Clearing

505665816Analyzed
3v3 RM · 23d ago on Sep 10, 2026· 108m 21s· 6 players
Game mode
Random Map
Map size
Normal (6 player)
Population
200
Speed
Normal
Resources
Standard
Victory
Conquest
Starting age
Dark Age
Ending age
Imperial Age
RankedLock teamsTeams togetherTeam positionsShared explorationLock speedFull tech treeHidden civsTurbo modeCheats
Victory
Defeat
🇭🇷 Cumans · Croatia
748
+13
🇬🇷 Huns · Greece
674
+16
🇲🇽 Persians · Mexico
634
+18
🇦🇷 Cumans · Argentina
740
-19
🇦🇷 Sicilians · Argentina
693
-16
🇦🇷 Franks · Argentina
592
-12
wallaceAoE
9:20 Loom
17:16 Feudal Age
23:14 Castle Age
24:10 Husbandry
25:12 Forging
25:08 Scale Barding Armor
26:34 Double-Bit Axe
30:51 Wheelbarrow
30:01 Town Watch
33:49 Hand Cart
33:35 Town Patrol
36:03 Scale Mail Armor
43:03 Caravan
46:49 Imperial Age
45:02 Iron Casting
44:43 Chain Mail Armor
44:49 Chain Barding Armor
44:30 Padded Archer Armor
44:21 Fletching
44:57 Ballistics
44:33 Murder Holes
47:35 Bow Saw
46:51 Cavalier
49:47 Conscription
52:09 Blast Furnace
51:45 Plate Barding Armor
51:07 Bodkin Arrow
51:27 Leather Archer Armor
51:43 Plate Mail Armor
52:28 Paladin
52:56 Light Cavalry
56:57 Chemistry
56:16 Onager
70:51 Pikeman
71:31 Squires
85:39 Heavy Scorpion
89:39 #83
89:20 Chivalry
88:41 Elite Throwing Axeman
89:21 Chivalry
89:44 #83
99:49 Elite Skirmisher
105:28 Halberdier
gonzalez.anibal.javier
4:57 Loom
14:30 Feudal Age
18:01 Double-Bit Axe
21:56 Wheelbarrow
23:19 Horse Collar
41:52 Castle Age
42:17 Forging
41:59 Fletching
42:10 Padded Archer Armor
42:53 Hand Cart
42:13 Elite Skirmisher
43:12 Pikeman
44:03 Bodkin Arrow
48:42 Caravan
54:35 Imperial Age
53:00 Town Watch
55:23 Halberdier
56:46 Leather Archer Armor
56:32 Scale Mail Armor
62:22 Squires
78:19 Iron Casting
86:38 Chemistry
101:32 Guilds
104:07 Conscription
farinico9
5:09 Loom
16:08 Feudal Age
17:56 Wheelbarrow
22:51 Horse Collar
27:06 Scale Mail Armor
31:15 Double-Bit Axe
31:41 Scale Barding Armor
32:52 Bloodlines
34:22 Gold Mining
40:01 Castle Age
39:43 Stone Mining
41:00 Caravan
42:36 Light Cavalry
43:49 Pikeman
44:29 Squires
45:05 Hand Cart
48:06 Heavy Plow
48:29 Chain Barding Armor
52:10 Imperial Age
51:44 Bow Saw
56:07 Gold Shaft Mining
55:35 Cuman Mercenaries
56:11 Hoardings
58:44 Chemistry
58:05 Ballistics
57:41 Murder Holes
59:34 Two-Man Saw
59:04 Crop Rotation
58:51 Forging
59:24 Halberdier
63:06 Hussar
73:07 Iron Casting
73:08 Plate Barding Armor
72:24 Fletching
73:15 Masonry
76:57 Blast Furnace
76:13 Chain Mail Armor
78:00 Steppe Husbandry
82:44 Elite Kipchak
jhonskull87
14:04 Feudal Age
12:19 Loom
15:28 Double-Bit Axe
22:34 Horse Collar
25:20 Forging
25:13 Scale Mail Armor
26:56 Padded Archer Armor
27:34 Fletching
29:17 Wheelbarrow
29:23 Gold Mining
31:31 Stone Mining
35:23 Castle Age
37:23 Thumb Ring
36:40 Crossbowman
37:00 Elite Skirmisher
37:06 Crossbowman
38:31 Bow Saw
41:53 Bodkin Arrow
42:14 Leather Archer Armor
42:37 Iron Casting
42:16 Gambesons
42:32 Squires
44:48 Pikeman
48:59 Scale Barding Armor
50:46 Kamandaran
59:50 Imperial Age
57:40 Chain Mail Armor
60:37 Heated Shot
63:05 Chemistry
62:27 Ballistics
62:03 Murder Holes
65:44 Husbandry
65:05 Heavy Camel Rider
68:30 Hand Cart
78:21 Hand Cart
77:51 Town Watch
84:21 Two-Man Saw
87:13 Gold Shaft Mining
88:44 Heavy Plow
88:34 Cavalier
94:23 Stone Shaft Mining
97:06 Bloodlines
97:00 Halberdier
Elentin
13:29 Loom
16:07 Feudal Age
21:49 Castle Age
20:43 Bloodlines
25:48 Forging
25:44 Scale Barding Armor
33:33 Stone Mining
41:03 Iron Casting
40:57 Gold Mining
43:53 Imperial Age
41:45 Double-Bit Axe
41:45 Horse Collar
42:46 Gold Shaft Mining
42:52 Marauders
43:22 Town Watch
46:06 Capped Ram
47:47 Conscription
50:48 Elite Tarkan
55:08 Wheelbarrow
54:36 Town Patrol
56:51 Hand Cart
56:50 Heavy Plow
57:03 Bow Saw
60:28 Husbandry
59:53 Light Cavalry
61:55 Blast Furnace
62:46 Chemistry
61:44 Murder Holes
63:41 Atheism
65:41 Chain Barding Armor
65:13 Fletching
66:14 Hussar
84:17 Caravan
88:48 Caravan
Antheus Inmitis
15:22 Feudal Age
16:50 Wheelbarrow
16:28 Double-Bit Axe
16:33 Horse Collar
19:14 Man-at-Arms
37:21 Loom
39:04 Town Watch
42:21 Castle Age
41:15 Scale Barding Armor
49:16 Scale Barding Armor
49:21 Forging
49:24 Bloodlines
49:50 Gold Mining
52:06 Chain Barding Armor
52:22 Iron Casting
52:49 Hand Cart
54:38 Gold Shaft Mining
56:32 Pikeman
57:12 Squires
60:19 Caravan
63:57 Imperial Age
61:57 Scale Mail Armor
64:10 Heavy Plow
64:29 Bow Saw
65:23 Plate Barding Armor
65:48 Blast Furnace
65:04 Chain Mail Armor
64:28 Cavalier
69:03 Halberdier
69:05 Paladin
70:24 Conscription
72:56 Capped Ram
74:44 Siege Ram
76:49 Elite Skirmisher
77:35 Thumb Ring
77:34 Padded Archer Armor
77:25 Fletching
84:31 Chemistry
96:20 Onager
99:41 Siege Onager
Connection lost

Rejoining the realm…

Still unreachable

The connection could not be restored.

Session expired

The server has moved on; the page needs a fresh start.